 Dungeon Crawl Stone Soup version 0.26-a0-712-ga5a9c9c9d0 (webtiles) character file.

Game seed: 10697587750240906346

2852 Azzok the Cleaver (level 9, 63/63 HPs)
             Began as a Demonspawn Berserker on Nov 7, 2020.
             Was a High Priest of Trog.
             Quit the game on level 7 of the Dungeon.
             The game lasted 00:12:26 (6877 turns).

Azzok the Cleaver (Demonspawn Berserker)            Turns: 6877, Time: 00:12:27

Health: 63/63      AC: 15    Str: 20    XL:     9   Next: 46%
Magic:  9/9        EV: 10    Int:  9    God:    Trog [*****.]
Gold:   495        SH:  0    Dex: 13    Spells: 8/8 levels left

rFire    . . .     SeeInvis .   l - +1 flail (vorpal)
rCold    . . .     Faith    .   (no shield)
rNeg     . . .     Spirit   .   E - +0 plate armour
rPois    .         Reflect  .   D - +0 helmet
rElec    .         Harm     .   (no cloak)
rCorr    .         Rampage  .   (no gloves)
MR       +....                  (no boots)
Stlth    ..........             B - amulet of regeneration
HPRegen  0.60/turn              h - ring of protection from magic
MPRegen  0.11/turn              n - +4 ring of evasion

@: no status effects
A: hooves 1, iridescent scales 2, foul stench 1, powered by pain 1, rot immunity
a: Berserk, Trog's Hand, Brothers in Arms, Renounce Religion


You were on level 7 of the Dungeon.
You worshipped Trog.
Trog was extremely pleased with you.
You visited 1 branch of the dungeon, and saw 7 of its levels.

You collected 495 gold pieces.

Inventory:

Hand Weapons
 a - a +0 hand axe
 l - a +1 vorpal flail (weapon)
Armour
 D - a +0 helmet (worn)
 E - a +0 plate armour (worn)
Jewellery
 e - an uncursed amulet of reflection
 h - a ring of protection from magic (left hand)
 n - a +4 ring of evasion (right hand)
 x - an uncursed ring of resist corrosion
 A - an uncursed amulet of the acrobat
 B - an amulet of regeneration (around neck)
Wands
 r - a wand of iceblast (17)
 z - a wand of disintegration (28)
 C - a wand of flame (30)
Scrolls
 b - 2 scrolls of immolation {unknown}
 c - 2 scrolls of magic mapping {unknown}
 d - 5 scrolls of random uselessness {unknown}
 g - 7 scrolls of teleportation {unknown}
 j - 4 scrolls of identify
 m - a scroll of amnesia {unknown}
 p - 6 scrolls of remove curse {unknown}
 q - 2 scrolls of blinking {unknown}
 u - 2 scrolls of fear {unknown}
 w - a scroll of enchant armour {unknown}
 y - 3 scrolls of silence {unknown}
Potions
 f - 3 potions of curing
 i - 2 potions of heal wounds {unknown}
 k - 2 potions of mutation {unknown}
 o - 4 potions of flight
 s - 2 potions of might
 t - a potion of berserk rage
 v - 2 potions of stabbing
 F - 2 potions of lignification {unknown}
 G - a potion of haste {unknown}


   Skills:
 - Level 3.0 Fighting
 + Level 12.1 Axes
 - Level 1.7 Armour
 - Level 1.7 Dodging


You had 8 spell levels left.
You didn't know any spells.
Your spell library was empty.

Dungeon Overview and Level Annotations

Branches:
Dungeon (7/15)             Temple (0/1) D:6

Altars:
Ashenzari
Wu Jian
Xom
Yredelemnul


Innate Abilities, Weirdness & Mutations

You have large cloven feet.
You are mostly covered in iridescent scales. (AC +4)
You may emit foul miasma when damaged in melee.
You sometimes gain a little power by taking damage.
You are immune to rotting.


Message History

Something completely misses you.
You hit something. Your kick misses something.
Something hits you but does no damage.
You closely miss something. Something hits you but does no damage.
You closely miss something.
A sky beast appears from thin air!
Reactivating autopickup.
The sky beast completely misses you.
You closely miss the sky beast.
You kick the sky beast, but do no damage.
The sky beast is heavily wounded.
The sky beast barely misses you.
You hit the sky beast.
You kick the sky beast, but do no damage.
The sky beast is heavily wounded.
The sky beast hits you but does no damage.
You sock the sky beast!
You kill the sky beast!
Trog accepts your kill.
Found a stone staircase leading down.
Are you sure you want to abandon this character and quit the game? (Confirm with "yes".)

▒▒ ▒▒▒▒▒ ·> ·····
·▒ ▒▒▒▒▒ ·▒ ·▒
·▒▒▒·▒
▒▒▒▒·!···▒▒ ▒▒▒
▒·········· ··▒
▒▒·▒@▒ ▒·▒ ▒····▒
▒··▒▒▒ ▒··▒▒▒▒▒▒
▒▒▒▒▒▒▒▒·········
··········▒▒▒▒▒▒▒
▒▒▒▒▒▒▒▒··▒ ▒·▒
▒··▒ ▒·▒ ▒··▒▒▒▒
▒·▒


There were no monsters in sight!

Vanquished Creatures
  A black bear (D:7)
  3 ice beasts (D:7)
  2 orc warriors
  A sky beast (D:7)
  A necrophage (D:6)
  A phantom (D:4)
  5 ogres
  A centaur (D:5)
  A bullfrog (D:7)
  A scorpion (D:4)
  7 wights
  A howler monkey (D:4)
  A bullfrog skeleton (D:5)
  4 hounds
  5 orc priests
  5 orc wizards
  4 centaur skeletons
  2 iguanas
  7 worker ants
  Terence (D:2)
  A killer bee zombie (D:5)
  A hound zombie (D:5)
  A hound skeleton (D:6)
  10 adders
  2 white imps
  2 ufetubi
  An adder skeleton (D:4)
  A worm (D:4)
  3 dart slugs
  3 leopard geckos
  22 orcs
  2 ball pythons
  7 bats
  2 giant cockroaches
  9 goblins
  10 hobgoblins
  3 jackals (D:1)
  5 kobolds
  3 quokkas
  8 frilled lizards
  A jackal skeleton (D:4)
  2 jackal zombies
  A quokka skeleton (D:6)
  12 rats
166 creatures vanquished.

Notes
Turn   | Place    | Note
-------+----------+-------------------------------------------
     0 | D:1      | Azzok the Demonspawn Berserker began the quest for the Orb.
     0 | D:1      | Reached XP level 1. HP: 18/18 MP: 1/1
    44 | D:1      | Reached skill level 3 in Axes
   462 | D:1      | Gained mutation: You are partially covered in iridescent
                  | scales. (AC +2) [demonic ancestry]
   462 | D:1      | Reached XP level 2. HP: 22/24 MP: 2/2
  1001 | D:1      | Gained mutation: You are mostly covered in iridescent
                  | scales. (AC +4) [demonic ancestry]
  1001 | D:1      | Reached XP level 3. HP: 27/29 MP: 3/3
  1183 | D:2      | Found a faded altar of an unknown god.
  1202 | D:2      | Reached skill level 4 in Axes
  1213 | D:2      | Reached ** piety under Trog
  1618 | D:2      | Noticed Terence
  1624 | D:2      | Killed Terence
  1624 | D:2      | Reached XP level 4. HP: 35/35 MP: 4/4
  2043 | D:3      | Reached skill level 5 in Axes
  2189 | D:3      | Gained mutation: You sometimes gain a little power by
                  | taking damage. [demonic ancestry]
  2189 | D:3      | Reached XP level 5. HP: 41/41 MP: 5/5
  2343 | D:3      | Found an ornate altar of the Wu Jian Council.
  2667 | D:4      | Reached *** piety under Trog
  2810 | D:4      | Reached skill level 6 in Axes
  2816 | D:4      | Reached XP level 6. HP: 45/47 MP: 6/6
  3339 | D:4      | Reached skill level 7 in Axes
  3470 | D:4      | Found a basalt altar of Yredelemnul.
  3470 | D:4      | Found a shimmering altar of Xom.
  3539 | D:4      | Gained mutation: You have large cloven feet. [demonic
                  | ancestry]
  3539 | D:4      | Reached XP level 7. HP: 52/52 MP: 7/7
  3622 | D:4      | Reached skill level 8 in Axes
  3879 | D:5      | Entered Level 5 of the Dungeon
  4106 | D:5      | Reached **** piety under Trog
  4729 | D:5      | Reached skill level 9 in Axes
  4729 | D:5      | Gained mutation: You are immune to rotting. [demonic
                  | ancestry]
  4729 | D:5      | Reached XP level 8. HP: 53/58 MP: 8/8
  5635 | D:6      | Reached skill level 10 in Axes
  5835 | D:6      | Found a staircase to the Ecumenical Temple.
  6097 | D:6      | Reached skill level 11 in Axes
  6097 | D:6      | Gained mutation: You may emit foul miasma when damaged in
                  | melee. [demonic ancestry]
  6097 | D:6      | Reached XP level 9. HP: 39/63 MP: 9/9
  6240 | D:7      | Reached ***** piety under Trog
  6658 | D:7      | Found a broken altar of Ashenzari.
  6815 | D:7      | Reached skill level 12 in Axes
  6877 | D:7      | Quit the game

Illustrated notes

Levels and vault maps discovered:
D:1:      dpeg_arrival_windows_large_door, layout_loops_ring
D:2:      layout_rooms, chequers_ecumenical_altar_simple, uniq_terence
D:3:      layout_loops_cross, lemuel_round_altar, guppyfry_early_orc_mine
D:4:      layout_basic, chequers_temple_overflow_statue_of_worship, st_stairs_6,
          minmay_fractal_squares_gapless_5
D:5:      layout_layer_cave, minmay_misc_feat_secret_circle
D:6:      layout_loops_ring, minmay_temple_entry_statues_fountains,
          lightli_minifort
D:7:      layout_loops_ring, evilmike_ruin_ashenzari, kennysheep_generic_room_8

Skill      XL: |  1  2  3  4  5  6  7  8  9 |
---------------+----------------------------+-----
Axes           | 3 4 5 6 7 9 11 12 | 12.1
Fighting       | |  3.0
Armour         | |  1.7
Dodging        | |  1.7

Action                   |  1- 3 |  4- 6 |  7- 9 || total
-------------------------+-------+-------+-------++-------
Melee: Hand axe          |   146 |       |       ||   146
       Flail             |       |   196 |   334 ||   530
       Kick              |       |       |   106 ||   106
Invok: Berserk           |     4 |       |     3 ||     7
  Use: Scroll            |       |       |     5 ||     5
 Stab: Sleeping          |     1 |       |       ||     1
Armor: Animal skin       |    35 |       |       ||    35
       Chain mail        |       |    98 |    68 ||   166
       Plate armour      |       |       |    95 ||    95
Dodge: Dodged            |    82 |   116 |   181 ||   379
Block: Other             |    12 |    37 |    21 ||    70
       Reflection        |       |     3 |     1 ||     4

Table legend: (Time is in decaauts)
 A = Elapsed time spent in this place.
 B = Non-inter-level travel time spent in this place.
 C = Inter-level travel time spent in this place.
 D = Time resting spent in this place.
 E = Time spent auto-exploring this place.
 F = Levels seen in this place.
 G = Mean time per level.
                   A        B        C        D        E       F      G
               +--------+--------+--------+--------+--------+-----+--------+
         Total |   7027 |   6904 |    123 |    399 |   5129 |   7 | 1003.9 |
       Dungeon |   7027 |   6904 |    123 |    399 |   5129 |   7 | 1003.9 |
               +--------+--------+--------+--------+--------+-----+--------+

Top non-repeatable levels by time:
     D:5: 1611 daAuts
     D:4: 1319 daAuts
     D:1: 1113 daAuts
     D:2: 945 daAuts
     D:6: 778 daAuts
     D:7: 659 daAuts
     D:3: 599 daAuts
